 Dungeon Crawl Stone Soup version 0.23.2-33-g5129a83184 (webtiles) character file.

Game seed: 12073737782477038531

188 FishyPogo the Stinger (level 5, 0/31 HPs)
             Began as an Octopode Venom Mage on Aug 5, 2019.
             Slain by an adder (1 damage)
             ... on level 3 of the Dungeon.
             The game lasted 00:21:57 (3230 turns).

FishyPogo the Stinger (Octopode Venom Mage)         Turns: 3230, Time: 00:21:57

Health: 0/31       AC:  3    Str:  7    XL:     5   Next: 67%
Magic:  5/9        EV: 13    Int: 18    God:
Gold:   89         SH:  0    Dex: 13    Spells: 3/9 levels left

rFire    . . .     SeeInvis .   e - +0 dagger
rCold    . . .     Gourm    .   (no shield)
rNeg     . . .     Faith    .   (helmet restricted)
rPois    .         Spirit   .   (no amulet)
rElec    .         Reflect  .   (no ring)
rCorr    .         Harm     .   i - ring of protection from magic
MR       +....                  (no ring)
Stlth    +++++.....             (no ring)
HPRegen  0.10/turn              (no ring)
MPRegen  0.11/turn              (no ring)
                                (no ring)
                                (no ring)

@: lethally poisoned (0 -> -5), very slightly contaminated
A: almost no armour, stealthy swim, amphibious, 8 rings, constrict 8, tentacle
spike 1, thin metallic scales 1, camouflage 1, gelatinous body 1
a: no special abilities


You were on level 3 of the Dungeon.
You were not hungry.

You visited 1 branch of the dungeon, and saw 3 of its levels.

You collected 89 gold pieces.

Inventory:

Hand Weapons
 e - a +0 dagger (weapon)
Jewellery
 i - a ring of protection from magic (right tentacle)
Wands
 n - a wand of digging (6)
Scrolls
 a - a scroll of identify {unknown}
 h - 2 scrolls of teleportation
 j - 2 scrolls of remove curse
 k - a scroll of fear {unknown}
 o - a scroll of fog {unknown}
Potions
 c - 2 potions of lignification {unknown}
 d - a potion of agility {unknown}
 f - a potion of cancellation {unknown}
 g - a potion of brilliance {unknown}
 l - 2 potions of mutation
 m - a potion of magic {unknown}
Comestibles
 b - 9 rations


   Skills:
 - Level 2.0 Dodging
 * Level 4.9 Stealth
 + Level 2.7 Spellcasting
 * Level 2.2 Conjurations
 - Level 1.0 Air Magic
 * Level 5.1 Poison Magic


You had 3 spell levels left.
You knew the following spells:

 Your Spells              Type           Power        Failure   Level  Hunger
a - Sting                 Conj/Pois      ###.         3%          1    #......
b - Poisonous Vapours     Pois/Air       ##....       7%          2    ##.....
c - Mephitic Cloud        Conj/Pois/Air  ##......     16%         3    ###....

Your spell library contained the following spells:

 Spells                   Type           Power        Failure   Level  Hunger
 Olgreb's Toxic Radiance  Pois           ###.....     21%         4    #####..
 Venom Bolt               Conj/Pois      ###.......   71%         5    ######.


Dungeon Overview and Level Annotations

Branches:
Dungeon (3/15)

Altars:
Dithmenos
Sif Muna

Annotations:
D:3 Grinder, Natasha


Innate Abilities, Weirdness & Mutations

You cannot wear most types of armour.
You are very stealthy in the water. (Stealth+)
You are amphibious.
You can wear up to eight rings at the same time.
You can use your tentacles to constrict eight enemies at once.
Your skin changes colour to match your surroundings (Stealth+).
Your rubbery body absorbs attacks. (AC +1, EV +1)
One of your tentacles bears a spike.
You are partially covered in thin metallic scales. (AC +2)


Message History

* * * LOW HITPOINT WARNING * * *
The rat barely misses you.
Casting: Sting (safe; 3% risk of failure)
Confirm with . or Enter, or press ? or * to list all spells.
Aiming: Sting (safe; 3% risk of failure)
Press: ? - help, Shift-Dir - straight line, f/p - adder
Aim: an adder (heavily wounded, poisoned)
The sting hits the adder.
The adder looks even sicker.
The adder is heavily wounded.
The adder barely misses you. The rat bites you but does no damage.
The adder bites you.
* * * LOW HITPOINT WARNING * * *
You are lethally poisoned!
The adder poisons you!
It was a potion of mutation.
You feel extremely strange.
One of your lower tentacles grows a sharp spike.
Thin metallic scales grow over part of your body.
* * * LOW HITPOINT WARNING * * *
You feel sick.
The rat splashes around in the water.
The adder bites you.
You die...

...####.##≈≈####≈s##..####<######
#####....†≈≈≈≈†≈≈≈≈#..#..........
#...##≈≈####≈≈##..#.##.######
#....#### ##≈##.##.##.# #_. ###..
#≈##.##.##.# #≈# #..#
#≈##.##.##.###### ####
##≈##.##.....#....
#≈≈####r≈##)#####..#.##.
≈≈≈≈≈≈S@≈≈#.# #..#...)
#≈≈####≈≈##.# #.......
#..#####.#####..#....
#....###.<#'###.#.###
#.....##.)...##.#.###
#.....##........#....
#.......)......######
#...##.#.....#.##...#
######...#####.#....#


You could see an adder and a rat.

Vanquished Creatures
  An orc priest (D:3)
  Natasha (D:3)
  5 adders
  3 oozes
  2 worms
  2 leopard geckos
  8 orcs
  6 giant cockroaches
  6 goblins
  3 hobgoblins
  3 kobolds
  2 quokkas (D:2)
  2 ball pythons
  6 bats
  6 frilled lizards
  9 rats
65 creatures vanquished.

Notes
Turn   | Place    | Note
-------+----------+-------------------------------------------
     0 | D:1      | FishyPogo the Octopode Venom Mage began the quest for the
                  | Orb.
     0 | D:1      | Reached XP level 1. HP: 11/11 MP: 3/3
   467 | D:1      | Reached XP level 2. HP: 4/17 MP: 3/5
   492 | D:1      | Learned a level 2 spell: Poisonous Vapours
   495 | D:1      | Reached skill level 4 in Poison Magic
  1091 | D:1      | Reached XP level 3. HP: 21/21 MP: 2/6
  1104 | D:1      | Learned a level 3 spell: Mephitic Cloud
  2011 | D:2      | Reached XP level 4. HP: 27/27 MP: 3/7
  2357 | D:3      | Reached XP level 5. HP: 26/31 MP: 0/8
  2428 | D:3      | Reached skill level 1 in Air Magic
  2586 | D:3      | Noticed Natasha
  2593 | D:3      | Killed Natasha
  2593 | D:3      | Reached skill level 5 in Poison Magic
  2749 | D:3      | Noticed Grinder
  2786 | D:3      | Noticed Natasha
  3008 | D:3      | Found a deep blue altar of Sif Muna.
  3008 | D:3      | Found a shadowy altar of Dithmenos.
  3230 | D:3      | Gained mutation: One of your tentacles bears a spike.
                  | [potion of mutation]
  3230 | D:3      | Gained mutation: You are partially covered in thin metallic
                  | scales. (AC +2) [potion of mutation]
  3230 | D:3      | HP: 1/31 [poisoned by an adder]
  3230 | D:3      | Slain by an adder

Skill      XL: |  1  2  3  4  5 |
---------------+----------------+-----
Stealth        | 3 4 |  4.9
Poison Magic   | 4 5 |  5.1
Air Magic      | 1 |  1.0
Conjurations   | 2 |  2.2
Dodging        | |  2.0
Spellcasting   | |  2.7

Action                   |  1- 3 |  4- 6 || total
-------------------------+-------+-------++-------
Melee: Dagger            |    18 |    55 ||    73
       Constrict         |     4 |    12 ||    16
       Tentacles         |     1 |     5 ||     6
 Cast: Sting             |    50 |    27 ||    77
       Poisonous Vapours |    22 |    11 ||    33
  Use: Potion            |     1 |     1 ||     2
       Scroll            |     1 |     3 ||     4
 Stab: Sleeping          |     1 |     1 ||     2
  Eat: Chunk             |     5 |     5 ||    10
Armor: Skin              |     6 |     2 ||     8
Dodge: Dodged            |    21 |    45 ||    66
